 Dungeon Crawl Stone Soup version 0.31-a0-174-g85c54bcb58 (webtiles) character file.

Game seed: 12617739056832577036

734 qw the Chopper (level 7, 0/44 HPs)
             Began as a Gargoyle Fighter on June 15, 2023.
             Slain by an orc warrior
             ... wielding a +0 long sword
              (10 damage)
             ... on level 4 of the Dungeon.
             The game lasted 00:02:08 (4055 turns).

qw the Chopper (Gargoyle Fighter)                   Turns: 4055, Time: 00:02:08

Health: 0/44       AC: 14    Str: 25    XL:     7   Next: 74%
Magic:  7/7        EV: 10    Int:  8    God:
Gold:   254        SH:  4    Dex:  8    Spells: 6/6 levels left

rFire   . . .        Y - +1 war axe
rCold   . . .        c - +0 buckler
rNeg    + . .        b - +0 scale mail
rPois   inf          j - +0 helmet
rElec   +            (no cloak)
rCorr   .            e - +1 pair of gloves
SInv    .            (no boots)
Will    .....        (no amulet) Stlth
                     (no ring)
HPRegen 0.27/turn    (no ring)
MPRegen 0.10/turn

%: no passive effects
@: about to teleport
A: sickness immunity, AC +4, negative energy resistance 1, electricity
resistance, torment resistance 1, petrification resistance, strong 1
a: no special abilities


You were on level 4 of the Dungeon.
You visited 1 branch of the dungeon, and saw 5 of its levels.

You collected 254 gold pieces.


Innate Abilities, Weirdness & Mutations

You are immune to sickness and miasma.
Your stone body is resilient. (AC +4)
You are immune to poison.
You resist negative energy. (rN+)
You are resistant to electric shocks. (rElec)
You are resistant to unholy torment.
You are immune to petrification.
Your muscles are strong. (Str +4, Int/Dex -1)


   Skills:
 + Level 4.9 Fighting
 - Level 7.0 Axes
 - Level 3.2 Armour
 - Level 1.1 Dodging
 - Level 3.2 Shields


You had 6 spell levels left.
You didn't know any spells.
Your spell library was empty.

Inventory:

Hand Weapons
 o - a +0 flail
 Y - a +1 war axe (weapon)
Missiles
 s - a boomerang (quivered)
Armour
 b - a +0 scale mail (worn)
 c - a +0 buckler (worn)
 e - a +1 pair of gloves (worn)
 j - a +0 helmet (worn)
 n - a +0 leather armour of fire resistance
Scrolls
 q - a scroll of identify
Potions
 a - a potion of heal wounds
 d - 3 potions of might
 g - a potion of magic {unknown}
 h - a potion of ambrosia {unknown}
 i - a potion of berserk rage {unknown}
 k - a potion of brilliance {unknown}
 l - a potion of haste {unknown}
 r - a potion of curing {unknown}

Dungeon Overview and Level Annotations

Branches:
Dungeon (5/15)
 Temple: D:4-7

Altars:
Ashenzari
Hepliaklqana
Zin

Annotations:
D:3 1 runed translucent door, qw's ghost, amateur NaHu
D:4 1 runed translucent door, Crazy Yiuf


Message History

Could not explore, unopened runed door.
(D) Dungeon
Where to? (* - list waypoints, Enter - D:5, ? - help)
What level of the Dungeon? (default 1, ? - help)
You feel your willpower return.
There is a stone staircase leading down here.
You climb downwards.
There is a stone staircase leading up here.
An orc warrior is nearby!
You throw a boomerang.
The boomerang barely misses the orc warrior.
You barely miss the orc warrior.
The orc warrior is lightly wounded.
The orc warrior hits you with a +0 long sword!
4048 ||| STAIRDANCE The orc warrior hits you with a +0 long sword.
You climb upwards.
Level annotation: 1 runed translucent door, Crazy Yiuf
There is a stone staircase leading down here.
You closely miss the orc warrior.
The orc warrior is lightly wounded.
The orc warrior barely misses you.
You closely miss the orc warrior.
The orc warrior is lightly wounded.
The orc warrior hits you but does no damage.
The orc warrior hits you with a +0 long sword!
You closely miss the orc warrior.
The orc warrior is lightly wounded.
The orc warrior hits you with a +0 long sword!
You slice the orc warrior!!
The orc warrior is severely wounded.
The orc warrior hits you but does no damage.
You hit the orc warrior.
The orc warrior is severely wounded.
The orc warrior hits you with a +0 long sword.
4055 ||| READING scroll of teleportation.
As you read the scroll of teleportation, it crumbles to dust.
You feel strangely unstable.
The orc warrior hits you with a +0 long sword!
You die...

###........#####....
##.....###### ####.
#......# ## ####..##
## ##.# ######. ##.##
###...... ### ##...#
##..####..
###.########....#
##..## ###
#............@o.#
##..## #
#>.............##
#..## #
###..(#####...## #..#
## ##########..##
#..## ##.
#......##.<.#
##..######..
##......)##..##
#/....###.. #
##...####..#...#
#.......### ## #...##
#..##..####.........#
.## #...#
##......#...####..%..


You could see an orc warrior.

Vanquished Creatures
  An ice beast (D:5)
  A black bear (D:4)
  A phantom (D:4)
  2 scorpions (D:4)
  A howler monkey (D:5)
  A jelly (D:5)
  An orc priest (D:4)
  2 iguanas (D:4)
  2 orc wizards (D:5)
  3 adders
  2 ufetubi (D:5)
  An adder zombie (D:3)
  A worm (D:5)
  A dart slug (D:2)
  20 orcs
  7 ball pythons
  5 endoplasms
  2 giant cockroaches
  10 goblins
  3 hobgoblins (D:3)
  8 jackals
  A quokka (D:3)
  A ball python zombie (D:3)
  15 bats
  4 frilled lizards
  6 kobolds
  3 rats
105 creatures vanquished.

Notes
Turn   | Place    | Note
-------+----------+-------------------------------------------
     0 | D:1      | qw the Gargoyle Fighter began the quest for the Orb.
     0 | D:1      | Reached XP level 1. HP: 14/14 MP: 1/1
     0 | D:1      | 0 ||| qw: Version: 0.2-a-29-g511e9b1
     0 | D:1      | 0 ||| qw: Game counter: 5527
     0 | D:1      | 0 ||| qw: Always use a shield: true
     0 | D:1      | 0 ||| qw: God list: Okawaru
     0 | D:1      | 0 ||| qw: Allow faded altars: false
     0 | D:1      | 0 ||| qw: Do Orc after D:15 true
     0 | D:1      | 0 ||| qw: Do second Lair branch before Depths: true
     0 | D:1      | 0 ||| qw: Lair rune preference: random
     0 | D:1      | 0 ||| qw: Plans: Normal, Zot:1-4, Slime:5, God:TSO, Crypt,
                  | Tomb, Abyss, Pan, Hells, Win
     0 | D:1      | 0 ||| PLANNING D:1-11
    84 | D:1      | Reached skill level 2 in Axes
   265 | D:1      | Reached XP level 2. HP: 19/19 MP: 2/2
   651 | D:1      | 651 ||| UPGRADING to +0 pair of gloves.
   656 | D:1      | 656 ||| UPGRADING to +0 helmet.
   661 | D:1      | 661 ||| READING 3 scrolls labelled EWUDUFYOSU.
   662 | D:1      | 662 ||| READING scroll labelled JYHOIN IMUNG.
   663 | D:1      | 663 ||| READING scroll labelled ZINOHEN FANT.
   666 | D:1      | 666 ||| DROPPING 2 scrolls of revelation.
   693 | D:2      | Reached skill level 3 in Axes
   736 | D:2      | 736 ||| Stepping ~*~*~tactically~*~*~ (stealth).
   738 | D:2      | 738 ||| Stepping ~*~*~tactically~*~*~ (stealth).
   851 | D:2      | 851 ||| Stepping ~*~*~tactically~*~*~ (stealth).
   857 | D:2      | Reached XP level 3. HP: 21/23 MP: 3/3
  1402 | D:2      | 1402 ||| DROPPING orb of mayhem.
  1403 | D:2      | 1403 ||| READING scroll labelled CEOWOFIMAA.
  1404 | D:2      | 1404 ||| READING scroll labelled NUOHIPI ZAING.
  1405 | D:2      | 1405 ||| READING scroll labelled UHOZYJ GURO.
  1411 | D:3      | Found a runed translucent door.
  1423 | D:3      | Noticed qw's ghost (amateur NaHu)
  1591 | D:3      | 1591 ||| Stepping ~*~*~tactically~*~*~ (stealth).
  1734 | D:3      | Reached XP level 4. HP: 24/28 MP: 4/4
  1795 | D:3      | Found a hazy altar of Hepliaklqana.
  1802 | D:3      | 1802 ||| Stepping ~*~*~tactically~*~*~ (stealth).
  1803 | D:3      | 1803 ||| Stepping ~*~*~tactically~*~*~ (stealth).
  1811 | D:3      | 1811 ||| Stepping ~*~*~tactically~*~*~ (stealth).
  1833 | D:3      | Reached skill level 4 in Axes
  1839 | D:3      | 1839 ||| DROPPING +0 club.
  1940 | D:3      | 1940 ||| Stepping ~*~*~tactically~*~*~ (stealth).
  1941 | D:3      | 1941 ||| Stepping ~*~*~tactically~*~*~ (stealth).
  2051 | D:3      | 2051 ||| READING scroll labelled MYAKHY QICVA.
  2198 | D:4      | 2198 ||| Stepping ~*~*~tactically~*~*~ (hiding).
  2345 | D:4      | Noticed a black bear
  2349 | D:4      | Killed a black bear
  2350 | D:4      | Reached skill level 5 in Axes
  2350 | D:4      | Reached XP level 5. HP: 30/32 MP: 5/5
  2446 | D:4      | Reached XP level 6. HP: 37/38 MP: 6/6
  2471 | D:4      | Found a broken altar of Ashenzari.
  2503 | D:4      | 2503 ||| Stepping ~*~*~tactically~*~*~ (stealth).
  2521 | D:4      | 2521 ||| Stepping ~*~*~tactically~*~*~ (stealth).
  2522 | D:4      | 2522 ||| Stepping ~*~*~tactically~*~*~ (stealth).
  2532 | D:4      | 2532 ||| DROPPING +0 whip.
  2538 | D:4      | 2538 ||| Stepping ~*~*~tactically~*~*~ (stealth).
  2540 | D:4      | 2540 ||| Stepping ~*~*~tactically~*~*~ (stealth).
  2551 | D:4      | 2551 ||| Stepping ~*~*~tactically~*~*~ (stealth).
  2554 | D:4      | 2554 ||| Stepping ~*~*~tactically~*~*~ (stealth).
  2556 | D:4      | 2556 ||| Stepping ~*~*~tactically~*~*~ (stealth).
  2569 | D:4      | Reached skill level 1 in Dodging
  2717 | D:4      | Reached skill level 6 in Axes
  2717 | D:4      | Reached XP level 7. HP: 36/43 MP: 7/7
  2864 | D:4      | Found a runed translucent door.
  2865 | D:4      | Noticed Crazy Yiuf
  3345 | D:4      | 3345 ||| DROPPING ring of wizardry.
  3346 | D:4      | 3346 ||| READING scroll labelled UTTOAC CYRARI.
  3347 | D:4      | 3347 ||| READING scroll labelled WOSUYCYVVO.
  3388 | D:5      | Entered Level 5 of the Dungeon
  3462 | D:5      | 3462 ||| Stepping ~*~*~tactically~*~*~ (hiding).
  3554 | D:5      | Found a glowing silver altar of Zin.
  3605 | D:5      | Reached skill level 7 in Axes
  3615 | D:5      | 3615 ||| READING scroll of enchant armour.
  3615 | D:5      | 3615 ||| ENCHANTING +0 pair of gloves.
  3638 | D:5      | 3638 ||| Stepping ~*~*~tactically~*~*~ (stealth).
  3648 | D:5      | 3648 ||| Stepping ~*~*~tactically~*~*~ (stealth).
  3784 | D:5      | HP: 8/44 [orc warrior/+0 long sword (5)]
  3785 | D:5      | 3785 ||| READING 3 scrolls of teleportation.
  3788 | D:5      | 3788 ||| READING 2 scrolls of teleportation.
  3789 | D:5      | HP: 5/44 [scorpion (5)]
  3790 | D:5      | HP: 2/44 [hound (3)]
  3793 | D:5      | 3793 ||| FLEEEEING.
  3794 | D:5      | 3794 ||| FLEEEEING.
  3795 | D:5      | 3795 ||| FLEEEEING.
  3796 | D:5      | 3796 ||| FLEEEEING.
  3797 | D:5      | 3797 ||| FLEEEEING.
  3798 | D:5      | 3798 ||| FLEEEEING.
  3799 | D:5      | 3799 ||| FLEEEEING.
  3800 | D:5      | 3800 ||| FLEEEEING.
  3801 | D:5      | 3801 ||| FLEEEEING.
  3802 | D:5      | 3802 ||| FLEEEEING.
  3803 | D:5      | 3803 ||| FLEEEEING.
  3804 | D:5      | 3804 ||| FLEEEEING.
  3805 | D:5      | 3805 ||| FLEEEEING.
  3806 | D:5      | 3806 ||| FLEEEEING.
  3807 | D:5      | 3807 ||| FLEEEEING.
  3808 | D:5      | 3808 ||| FLEEEEING.
  3809 | D:5      | 3809 ||| FLEEEEING.
  3810 | D:5      | 3810 ||| FLEEEEING.
  3811 | D:5      | 3811 ||| FLEEEEING.
  3812 | D:5      | 3812 ||| FLEEEEING.
  3813 | D:5      | 3813 ||| FLEEEEING.
  3814 | D:5      | 3814 ||| FLEEEEING.
  3815 | D:5      | 3815 ||| FLEEEEING.
  3816 | D:5      | 3816 ||| FLEEEEING.
  3817 | D:5      | 3817 ||| FLEEEEING.
  3818 | D:5      | 3818 ||| FLEEEEING.
  3819 | D:5      | 3819 ||| FLEEEEING.
  3820 | D:5      | 3820 ||| FLEEEEING.
  3821 | D:5      | 3821 ||| FLEEEEING.
  3822 | D:5      | 3822 ||| FLEEEEING.
  3824 | D:5      | 3824 ||| FLEEEEING.
  3825 | D:5      | 3825 ||| FLEEEEING.
  3826 | D:5      | 3826 ||| FLEEEEING.
  3828 | D:5      | 3828 ||| FLEEEEING.
  3829 | D:5      | 3829 ||| FLEEEEING.
  3830 | D:5      | 3830 ||| FLEEEEING.
  3831 | D:5      | 3831 ||| FLEEEEING.
  3832 | D:5      | 3832 ||| FLEEEEING.
  3833 | D:5      | 3833 ||| FLEEEEING.
  3834 | D:5      | 3834 ||| FLEEEEING.
  3835 | D:5      | 3835 ||| FLEEEEING.
  3836 | D:5      | 3836 ||| FLEEEEING.
  3841 | D:5      | 3841 ||| FLEEEEING.
  3842 | D:5      | 3842 ||| FLEEEEING.
  3843 | D:5      | 3843 ||| FLEEEEING.
  3844 | D:5      | 3844 ||| FLEEEEING.
  3845 | D:5      | 3845 ||| FLEEEEING.
  3846 | D:5      | 3846 ||| FLEEEEING.
  3847 | D:5      | 3847 ||| FLEEEEING.
  3849 | D:5      | 3849 ||| FLEEEEING.
  3851 | D:5      | 3851 ||| FLEEEEING.
  3852 | D:5      | 3852 ||| FLEEEEING.
  3853 | D:5      | 3853 ||| FLEEEEING.
  3854 | D:5      | 3854 ||| FLEEEEING.
  3856 | D:5      | 3856 ||| FLEEEEING.
  3857 | D:5      | 3857 ||| FLEEEEING.
  3858 | D:5      | 3858 ||| FLEEEEING.
  3863 | D:5      | 3863 ||| FLEEEEING.
  3864 | D:5      | 3864 ||| FLEEEEING.
  3865 | D:5      | 3865 ||| FLEEEEING.
  3866 | D:5      | 3866 ||| FLEEEEING.
  3867 | D:5      | 3867 ||| FLEEEEING.
  3870 | D:5      | 3870 ||| FLEEEEING.
  3871 | D:5      | 3871 ||| FLEEEEING.
  3872 | D:5      | 3872 ||| FLEEEEING.
  3873 | D:5      | 3873 ||| FLEEEEING.
  3874 | D:5      | 3874 ||| STAIRDANCE
  3982 | D:4      | 3982 ||| READING 4 scrolls labelled BUTUUC LEN.
  3983 | D:4      | 3983 ||| DRINKING 2 fizzy clear potions.
  3983 | D:4      | Gained mutation: You are frail. (-10% HP) [potion of
                  | mutation]
  3984 | D:4      | 3984 ||| DRINKING potion of mutation.
  3984 | D:4      | Lost mutation: You are frail. (-10% HP) [potion of
                  | mutation]
  3984 | D:4      | Gained mutation: Your large and strong wings let you fly.
                  | [potion of mutation]
  3984 | D:4      | Lost mutation: Your large and strong wings let you fly.
                  | [potion of mutation]
  3984 | D:4      | Gained mutation: Your muscles are strong. (Str +4, Int/Dex
                  | -1) [potion of mutation]
  4003 | D:4      | 4003 ||| READING 2 scrolls of identify.
  4003 | D:4      | 4003 ||| IDENTIFYING murky grey potion
  4004 | D:4      | 4004 ||| DROPPING 3 scrolls of vulnerability.
  4048 | D:5      | 4048 ||| STAIRDANCE
  4054 | D:4      | HP: 9/44 [orc warrior/+0 long sword (6)]
  4055 | D:4      | 4055 ||| READING scroll of teleportation.
  4055 | D:4      | Slain by an orc warrior

Levels and vault maps discovered:
D:1:      heliophobic_arrival_enchanted_forest, layout_basic
D:2:      layout_loops_ring, minivault_19, minmay_tetromino_i2
D:3:      layout_rooms, nicolae_hepliaklqana_hazy_memory,
          hellmonk_ghost_happy_afterlife, serial_undead, serial_undead_c,
          serial_undead_e, serial_undead_c, serial_undead_b
D:4:      layout_layer_cave, nicolae_ashenzari_skybound, uniq_crazy_yiuf_cottage
D:5:      layout_loops_ring, lemuel_crystal_altar, lightli_temple_of_fire,
          mainiacjoe_overflow_surrounded_room, minivault_27,
          dreamdust_princess_corridor, amcnicky_mini_pool_medium

Skill      XL: |  1  2  3  4  5  6  7 |
---------------+----------------------+-----
Axes           | 2 3 5 6 7 |  7.0
Fighting       | 4 |  4.9
Dodging        | 1 |  1.1
Armour         | |  3.2
Shields        | |  3.2

Action                     |  1- 3 |  4- 6 |  7- 9 || total
---------------------------+-------+-------+-------++-------
  Melee: War axe           |   133 |    95 |    96 ||   324
  Throw: Boomerang         |       |       |    12 ||    12
    Use: Scroll            |     6 |     1 |     8 ||    15
         Potion            |       |       |     2 ||     2
 Armour: Scale mail        |    94 |    43 |    57 ||   194
  Dodge: Dodged            |    76 |    38 |    41 ||   155
  Block: Buckler           |    22 |    20 |    14 ||    56

Table legend:
 A = Non-vault XP
 B = Vault XP
 C = Vault XP percentage of total XP
 D = Non-vault monster count
 E = Vault monster count
 F = Vault count percentage of total count
                 A         B        C        D         E       F
            +---------+---------+-------+---------+---------+-------
      Total |    1036 |      13 |   1.2 |     100 |       5 |   4.8
            +---------+---------+-------+---------+---------+-------
        D:1 |      26 |       0 |   0.0 |      18 |       0 |   0.0
        D:2 |      24 |       3 |  11.1 |       6 |       2 |  25.0
        D:3 |      56 |       7 |  11.1 |      29 |       2 |   6.5
        D:4 |     552 |       0 |   0.0 |      27 |       0 |   0.0
        D:5 |     378 |       3 |   0.8 |      20 |       1 |   4.8
            +---------+---------+-------+---------+---------+-------
